 Dungeon Crawl Stone Soup version 0.19-a0-723-g16b73b3 (webtiles) character file.

194 TheGoonsmith the Caller (level 5, 0/42 HPs)
             Began as a Deep Elf Summoner on June 21, 2016.
             Slain by a centaur skeleton (2 damage)
             ... on level 5 of the Dungeon.
             The game lasted 00:07:38 (2681 turns).

TheGoonsmith the Caller (Deep Elf Summoner)         Turns: 2681, Time: 00:07:39

Health: 0/42       AC: 22    Str:  5    XL:     5   Next: 44%
Magic:  5/14       EV:  2    Int: 20    God:
Gold:   34         SH:  0    Dex: 16    Spells: 3 memorised, 6 levels left

rFire  . . .     SeeInvis .     j - +0 short sword
rCold  + . .     Gourm    .     (armour currently unavailable)
rNeg   + + +     Faith    .     (no shield)
rPois  +         Spirit   .     (helmet currently unavailable)
rElec  .         Dismiss  .     (cloak currently unavailable)
rCorr  .         Reflect  .     (gloves currently unavailable)
SustAt .         Harm     .     (boots currently unavailable)
MR     .....     NoTele   +     (no amulet)
Stlth  +++.......               (no ring)
                                e - ring of protection from cold

@: lethally poisoned (0 -> -2), exhausted, tree-form, slowed, very slow, not
resistant to hostile enchantments, fairly stealthy
A: no striking features
a: no special abilities


You were on level 5 of the Dungeon.
You were very hungry.
You were a tree.
You visited 1 branch of the dungeon, and saw 5 of its levels.

You collected 191 gold pieces.
You spent 157 gold pieces at shops.

Inventory:

Hand Weapons
 j - a +0 short sword (weapon)
Armour
 a - a +0 robe (melded)
 g - a +1 cloak (melded)
 i - a +0 helmet (melded)
 l - a +0 pair of boots (melded)
Jewellery
 e - a ring of protection from cold (left branch)
Wands
 m - a wand of random effects (29/48)
Scrolls
 f - a scroll of remove curse
 s - a scroll of random uselessness
Potions
 d - 2 potions of cancellation
 n - 2 potions of berserk rage
 t - a potion of lignification
Books
 b - a book of Callings

   Spells                             Type                      Level
   a - Summon Small Mammal            Summoning                    1
   b - Call Imp                       Summoning                    2
   c - Call Canine Familiar           Summoning                    3
   d - Summon Guardian Golem          Hexes/Summoning              3
   e - Summon Lightning Spire         Summoning/Air                4
   f - Summon Ice Beast               Ice/Summoning                4
Comestibles
 c - 4 bread rations
 h - a chunk of flesh
 k - 3 meat rations
 o - 2 slices of pizza


   Skills:
 - Level 2.4 Dodging
 - Level 2.4 Stealth
 + Level 4.7 Spellcasting
 * Level 6.3 Summonings
 * Level 1.9 Ice Magic


You had 6 spell levels left.
You knew the following spells:

 Your Spells              Type           Power        Failure   Level  Hunger
a - Summon Small Mammal   Summ           ####         1%          1    None
b - Call Imp              Summ           ####....     1%          2    #......
c - Summon Ice Beast      Ice/Summ       ###.....     24%         4    ####...


Dungeon Overview and Level Annotations

Branches:
Dungeon (5/15)             Temple (0/1) D:5

Altars:
Fedhas
Ru

Shops:
D:4 (


Message History

The centaur skeleton barely misses your quokka.
You feel a strong urge to attack something.
Your quokka bites the centaur skeleton.
Your crimson imp hits the centaur skeleton.
Something misses your crimson imp. The centaur skeleton hits your quokka.
Your quokka dies!
Your quokka's corpse disappears in a puff of smoke!
You feel your anger subside.
You are no longer berserk.
You are exhausted.
You feel yourself slow down.
You are feeling very hungry.
* * * LOW HITPOINT WARNING * * *
You feel sick.
Something closely misses your crimson imp.
Your shadow imp hits the centaur skeleton.
Something misses your crimson imp.
Something barely misses your crimson imp. x2
You hit the centaur skeleton. The centaur skeleton hits you.
You die...

....... #...#
#...÷......
.......##...#
##.........
...........#
##........
..........#
##....... #.....h5#
##...... ##......##
###.... #...Z.....#
##... ....#####5###
##.. .## ##Z♣####
### ###
#5....####.###
#.r.#>.....#..###
#...######......####
#.... ###(.......
#.....# #........
#...... ##......#
#......# #.>...##
.......# ##....#


You could see a centaur skeleton, a friendly crimson imp, a friendly shadow imp
and a friendly quokka.

Vanquished Creatures
  A water moccasin (D:5)
  2 hobgoblins
  A giant newt (D:5)
  A kobold (D:3)
  3 rats (D:3)
8 creatures vanquished.

Vanquished Creatures (collateral kills)
  A scorpion (D:3)
  The ghost of Justinthyme the Conjurer, a weakling HECj (D:3)
  4 adders
  An ooze (D:4)
  2 dart slugs
  3 giant geckos
  5 orcs (D:3)
  2 bats
  A giant cockroach (D:3)
  9 goblins
  5 hobgoblins (D:3)
  2 jackals (D:5)
  7 kobolds
  2 ball pythons
  2 giant newts (D:1)
  5 rats
52 creatures vanquished.

Grand Total: 60 creatures vanquished

Notes
Turn   | Place    | Note
--------------------------------------------------------------
     0 | D:1      | TheGoonsmith the Deep Elf Summoner began the quest for the Orb.
     0 | D:1      | Reached XP level 1. HP: 10/10 MP: 6/6
   473 | D:2      | Reached XP level 2. HP: 15/15 MP: 5/8
   626 | D:2      | Found a blossoming altar of Fedhas.
   992 | D:2      | Learned a level 2 spell: Call Imp
  1003 | D:2      | Reached skill level 5 in Summonings
  1339 | D:2      | Reached XP level 3. HP: 19/19 MP: 6/10
  1432 | D:3      | Noticed a scorpion
  1440 | D:3      | Killed a scorpion
  1453 | D:3      | Noticed Justinthyme's ghost (weakling HECj)
  1463 | D:3      | Killed Justinthyme's ghost
  1463 | D:3      | Reached XP level 4. HP: 24/24 MP: 3/12
  2023 | D:3      | Found a sacrificial altar of Ru.
  2032 | D:3      | Learned a level 4 spell: Summon Ice Beast
  2518 | D:4      | Found Keotud's Antique Weapon Shoppe.
  2526 | D:4      | Bought an encrusted whip for 157 gold pieces
  2526 | D:4      | Identified the cursed +0 whip "Beiteryq" {distort, rPois rF+ Int-5 SInv} (You bought it in a shop on level 4 of the Dungeon)
  2540 | D:5      | Entered Level 5 of the Dungeon
  2566 | D:5      | Reached skill level 6 in Summonings
  2634 | D:5      | Found a staircase to the Ecumenical Temple.
  2644 | D:5      | Noticed a water moccasin
  2652 | D:5      | Noticed a troll
  2676 | D:5      | Killed a water moccasin
  2676 | D:5      | Reached skill level 1 in Ice Magic
  2676 | D:5      | Reached XP level 5. HP: 4/28 MP: 4/14
  2676 | D:5      | HP: 3/63 [poisoned by a water moccasin]
  2681 | D:5      | Slain by a centaur skeleton

Vault maps used:
D:1:      minmay_arrival_solitary_statue
D:2:      fedhas_altar_2
D:3:      lemuel_coloured_pillars_altar, first_bread
D:4:      serial_shops, nicolae_shop_trees
D:5:      nicolae_ossuary_entry_false_entrances

Skill      XL: |  1  2  3  4 |
---------------+-------------+-----
Summonings     | 5 6 |  6.3
Spellcasting   | 4 |  4.7
Ice Magic      | 1 |  1.9
Dodging        | |  2.4
Stealth        | |  2.4

Action                   |  1- 3 |  4- 6 || total
-------------------------+-------+-------++-------
Melee: Unarmed           |     2 |       ||     2
       Short sword       |    19 |    24 ||    43
 Cast: Summon Small Mamm |    59 |    11 ||    70
       Call Imp          |     3 |    22 ||    25
  Use: Scroll            |       |    11 ||    11
       Potion            |       |     3 ||     3
 Stab: Distracted        |     1 |     1 ||     2
       Sleeping          |       |     2 ||     2
  Eat: Chunk             |     2 |     3 ||     5
Armor: Robe              |    14 |    13 ||    27
       Skin              |       |    12 ||    12
Dodge: Dodged            |    37 |    24 ||    61
